Map: Abyssal Reef LE

Players

Neuro - Winner!

  • Race: Zerg Zerg
  • League: Master
  • Spawn Location: 5:00

Railgan

  • Race: Zerg Zerg
  • League: Grandmaster
  • Spawn Location: 11:00

VOD

Have the link to the VOD?

Description

Time

  • Played on: March 20, 2017, 4:42 p.m.
  • Length: 13:44
Show
View Real Time Build Order
Export as new Build Order

Neuro Zerg - Winner!

Build Orders: Hatch First, Muta Ling Bane 

Get SALT Encoding   

  12  0:01  Drone  
  13  0:12  Overlord  
  13  0:17  Drone  
  14  0:31  Drone x2  
  16  0:38  Drone  
  17  0:52  Hatchery  
  17  0:55  Drone  
  17  0:57  Drone  
  18  1:08  Extractor  
  17  1:12  Spawning Pool  
  17  1:16  Drone  
  17  1:19  Drone  
  18  1:28  Drone  
  19  1:41  Overlord  
  19  1:59  Queen  
  19  2:00  Zergling x2  
  19  2:01  Zergling x2  
  23  2:04  Queen  
  23  2:05  Zergling x2  
  26  2:12  Metabolic Boost  
  26  2:13  Drone  
  26  2:15  Drone  
  28  2:26  Drone x2  
  30  2:35  Drone  
  31  2:38  Drone  
  32  2:49  Overlord  
  32  2:54  Hatchery  
  31  2:59  Drone x3  
  33  3:09  Zergling x10  
  37  3:14  Zergling x4  
  37  3:15  Zergling x2  
  40  3:22  Drone x2  
  41  3:31  Queen  
  43  3:34  Drone  
  43  3:37  Overlord  
  43  3:41  Overlord  
  44  3:47  Overlord  
  44  3:48  Overlord  
  44  4:02  Drone x6  
  46  4:05  Lair  
  46  4:06  Extractor  
  44  4:21  Drone x7  
  50  4:30  Extractor  
  47  4:31  Zergling x2  
  47  4:32  Zergling x4  
  47  4:34  Queen  
  47  4:36  Extractor  
  51  4:38  Zergling x2  
  51  4:39  Zergling x4  
  51  4:45  Zergling x2  
  55  4:50  Queen  
  57  4:53  Zergling x2  
  57  4:54  Zergling x2  
  57  4:59  Drone x5  
  61  5:05  Drone x3  
  61  5:06  Spire  
  63  5:14  Drone x4  
  63  5:16  Drone  
  68  5:34  Drone x9  
  74  5:41  Extractor  
  72  5:42  Extractor  
  71  5:50  Overlord  
  71  5:51  Overlord x6  
  71  6:01  Zergling x6  
  74  6:17  Zergling x16  
  82  6:20  Mutalisk x2, Zerg Flyer Weapons Level 1  
  82  6:21  Mutalisk  
  88  6:28  Mutalisk x2  
  88  6:31  Queen  
  94  6:38  Mutalisk  
  94  6:39  Mutalisk x5  
  96  6:49  Mutalisk x2  
  90  6:57  Mutalisk  
  85  7:02  Zergling x10  
  86  7:09  Queen x2  
  86  7:11  Mutalisk  
  86  7:16  Mutalisk  
  87  7:25  Mutalisk  
  87  7:28  Zergling x6  
  89  7:42  Mutalisk  
  91  7:44  Drone x4  
  91  7:45  Drone  
  93  7:53  Queen  
  93  7:54  Drone x3  
  98  8:05  Zergling x8  
  94  8:10  Evolution Chamber x2  
  85  8:13  Drone  
  85  8:25  Drone x3  
  85  8:26  Baneling Nest  
  87  8:28  Overseer  
  87  8:38  Zerg Ground Armor Level 1, Zerg Melee Weapons Level 1  
  87  8:42  Mutalisk  
  87  8:57  Drone x10  
  97  9:08  Zergling x14  
  99  9:12  Centrifical Hooks  
  98  9:23  Zergling x10  
  103  9:27  Baneling  
  103  9:28  Baneling x5  
  103  9:30  Zergling x6  
  103  9:31  Zergling x2  
  107  9:57  Drone x14  
  121  10:07  Overlord  
  121  10:08  Overlord x3  
  121  10:19  Hatchery  
  80  10:37  Zergling x12  
  80  10:42  Spine Crawler x3  
  51  10:52  Zergling x10  
  51  10:56  Baneling x3  
  54  10:58  Baneling x2  
  39  11:29  Zergling x10  
  40  11:37  Baneling  
  40  11:38  Baneling  
  22  12:28  Baneling  
  21  12:32  Drone  
  17  13:02  Drone  
  13  13:44  Extractor  
Show
View Real Time Build Order
Export as new Build Order

Railgan Zerg 

Build Orders: Pool First 

Get SALT Encoding   

  12  0:01  Drone  
  13  0:12  Overlord  
  13  0:17  Drone  
  14  0:31  Drone x2  
  14  0:34  Drone  
  17  0:46  Spawning Pool  
  17  0:48  Drone  
  17  0:56  Drone  
  18  1:14  Extractor, Hatchery  
  16  1:18  Drone  
  16  1:20  Drone  
  18  1:29  Drone  
  19  1:33  Queen  
  21  1:44  Drone, Spine Crawler  
  21  1:49  Overlord  
  22  2:01  Baneling Nest  
  22  2:02  Zergling x2  
  22  2:08  Queen  
  22  2:11  Drone  
  25  2:22  Drone  
  26  2:25  Queen  
  26  2:26  Drone  
  29  2:32  Drone  
  29  2:35  Metabolic Boost  
  30  2:38  Zergling x2  
  30  2:44  Overlord  
  31  2:46  Zergling x2  
  31  2:51  Zergling x2  
  33  2:57  Drone x2  
  34  3:07  Drone x2  
  34  3:11  Drone x2  
  38  3:19  Drone x2  
  40  3:27  Drone x2  
  40  3:28  Overlord  
  40  3:31  Drone  
  43  3:37  Lair  
  43  3:42  Roach Warren  
  43  3:44  Baneling  
  43  3:45  Evolution Chamber  
  43  3:46  Drone x3  
  44  3:50  Extractor  
  44  3:51  Extractor  
  44  3:55  Baneling x3  
  41  3:56  Zergling x2  
  41  4:02  Zergling x4  
  43  4:06  Zergling x2  
  41  4:23  Drone x4  
  45  4:26  Drone x2  
  45  4:27  Drone x3  
  49  4:32  Drone x2  
  49  4:33  Drone  
  52  4:39  Overlord  
  52  4:45  Glial Reconstitution  
  52  4:50  Overlord  
  52  4:56  Overlord  
  49  5:02  Hatchery  
  49  5:03  Zerg Missile Weapons Level 1  
  49  5:04  Roach x2  
  52  5:09  Roach x2  
  58  5:14  Roach  
  58  5:19  Roach x2  
  58  5:20  Zergling x4  
  64  5:24  Zergling x2  
  64  5:27  Extractor  
  64  5:33  Zergling x2  
  64  5:34  Zergling x8  
  67  5:42  Zergling x2  
  67  5:49  Baneling  
  66  5:51  Roach x2  
  66  5:56  Roach  
  72  5:57  Hatchery  
  72  6:00  Roach  
  73  6:06  Overlord  
  73  6:08  Overlord, Roach  
  73  6:11  Overlord  
  74  6:13  Baneling x4  
  74  6:14  Baneling, Overlord  
  74  6:21  Overlord  
  76  6:25  Roach  
  76  6:26  Roach x2  
  76  6:28  Roach  
  82  6:33  Roach  
  78  6:42  Roach x7  
  88  6:57  Zergling x4  
  88  7:00  Hydralisk Den  
  87  7:04  Zergling x2  
  87  7:05  Zergling x6  
  89  7:12  Zergling x2  
  89  7:13  Zergling x6  
  75  7:26  Zergling x6  
  75  7:28  Drone  
  73  7:30  Muscular Augments  
  73  7:37  Hydralisk x5  
  71  7:41  Spore Crawler  
  71  7:42  Spore Crawler  
  79  7:48  Hydralisk  
  79  7:49  Hydralisk  
  83  7:56  Hydralisk x2  
  83  8:02  Hydralisk  
  75  8:11  Hydralisk  
  69  8:15  Drone  
  69  8:16  Drone  
  69  8:17  Drone  
  70  8:21  Hydralisk  
  70  8:25  Zergling x4  
  70  8:26  Drone  
  70  8:27  Drone  
  76  8:32  Hydralisk x2  
  76  8:33  Spore Crawler  
  79  8:37  Roach  
  79  8:38  Roach  
  83  8:42  Hydralisk  
  83  8:47  Hydralisk  
  87  8:55  Baneling x2  
  87  9:00  Overlord x2  
  87  9:01  Hydralisk  
  87  9:02  Hydralisk, Unknown  
  91  9:07  Hydralisk  
  88  9:18  Drone  
  88  9:19  Drone x3  
  88  9:24  Hydralisk  
  92  9:28  Roach  
  92  9:29  Zergling x2  
  97  9:42  Queen  
  97  9:43  Hydralisk x2  
  101  9:47  Zergling x2  
  101  9:48  Zergling x4  
  104  9:53  Zergling x2  
  104  9:54  Zergling x6  
  104  9:58  Spore Crawler  
  107  10:02  Baneling  
  107  10:03  Baneling, Zergling x2  
  107  10:04  Zergling x6  
  111  10:08  Zergling x4  
  111  10:12  Overlord  
  111  10:13  Zergling x2  
  114  10:17  Spore Crawler  
  110  10:21  Baneling x2  
  110  10:22  Zergling x2  
  110  10:23  Zergling x2  
  74  10:36  Hydralisk  
  74  10:39  Zergling x2  
  74  10:40  Zergling x2  
  63  10:45  Zergling x2  
  51  10:59  Hydralisk x2  
  53  11:09  Hydralisk  
  38  11:25  Hydralisk  
  30  11:38  Hydralisk  
  28  11:50  Queen  
  30  12:09  Hydralisk  
  28  12:47  Hydralisk Den  
  25  12:51  Spawning Pool  
Tags
 
Add a new tag
Caveats
  • Supply blocks, unpowered buildings, or Contaminate may cause inaccurate times.
  • Supply counts are checked every 10 seconds.